Map: Altitude LE

Players

Chendalen - Winner!

  • Race: Zerg Zerg
  • Spawn Location: 1:00

VOD

Have the link to the VOD?

Description

Time

  • Played on: April 8, 2023, 9:46 a.m.
  • Length: 8:00
Show
View Real Time Build Order
Export as new Build Order

Chendalen Zerg - Winner!

Build Orders:  

Get SALT Encoding   

  12  0:10  Drone  
  12  0:18  Overlord  
  13  0:30  Drone  
  14  0:45  Drone x2  
  16  1:12  Hatchery  
  15  1:23  Drone x2  
  15  1:27  Drone  
  18  1:37  Extractor  
  17  1:52  Spawning Pool  
  17  1:56  Drone  
  17  1:59  Drone  
  18  2:12  Drone  
  19  2:26  Overlord  
  19  2:44  Drone  
  20  3:07  Drone  
  21  3:14  Queen  
  21  3:16  Queen  
  25  3:23  Zergling x2  
  26  3:30  Zergling x2, Drone x2  
  29  3:55  Spore Crawler  
  28  4:17  Roach Warren  
  27  4:27  Drone x3  
  30  4:47  Zergling x2  
  30  4:48  Zergling x6  
  34  5:08  Zergling x2  
  35  5:10  Zergling x2  
  36  5:21  Overlord x2  
  36  5:24  Overlord x2  
  36  5:52  Zergling x6  
  36  5:53  Zergling x6  
  42  6:09  Drone x3  
  45  6:11  Extractor, Drone  
  45  6:12  Drone x2  
  46  6:25  Zergling x2  
  46  6:27  Zergling x2  
  47  6:48  Metabolic Boost  
  44  6:53  Zergling x4  
  44  6:54  Zergling x4  
  47  7:07  Zergling x2  
  47  7:08  Zergling x2  
  48  7:35  Zergling x6  
  48  7:36  Zergling x2  
Tags
 
Add a new tag
Caveats
  • Supply blocks, unpowered buildings, or Contaminate may cause inaccurate times.
  • Supply counts are checked every 10 seconds.